 Dungeon Crawl Stone Soup version 0.25.1-1-g288607f5aa (webtiles) character file.

Game seed: 10346314714148563868

95 Ijustatesigmund the Chopper (level 4, -1/32 HPs)
             Began as an Octopode Gladiator on July 21, 2020.
             Slain by an orc wizard
             ... wielding a +0 dagger
              (3 damage)
             ... on level 3 of the Dungeon.
             The game lasted 00:03:26 (2105 turns).

Ijustatesigmund the Chopper (Octopode Gladiator)    Turns: 2105, Time: 00:03:27

Health: -1/32      AC:  1    Str: 13    XL:     4   Next: 66%
Magic:  4/4        EV: 14    Int: 10    God:
Gold:   100        SH:  0    Dex: 14    Spells: 3/3 levels left

rFire    . . .     SeeInvis .   a - +2 war axe
rCold    . . .     Gourm    .   (no shield)
rNeg     . . .     Faith    .   b - +0 hat
rPois    .         Spirit   .   (no amulet)
rElec    .         Reflect  .   (no ring)
rCorr    .         Harm     .   (no ring)
MR       .....                  (no ring)
Stlth    ++........             (no ring)
HPRegen  0.10/turn              (no ring)
MPRegen  0.09/turn              (no ring)
                                (no ring)
                                (no ring)

@: no status effects
A: almost no armour, stealthy swim, amphibious, 8 rings, constrict 8, camouflage
1, gelatinous body 1
a: no special abilities


You were on level 3 of the Dungeon.
You were not hungry.

You visited 1 branch of the dungeon, and saw 3 of its levels.

You collected 100 gold pieces.

Inventory:

Hand Weapons
 a - a +2 war axe (weapon)
Missiles
 c - 3 throwing nets (quivered)
Armour
 b - a +0 hat (worn)
Scrolls
 i - a scroll of identify
Potions
 f - a potion of stabbing
 j - a potion of cancellation
Comestibles
 d - 6 rations
 h - a chunk of flesh


   Skills:
 + Level 3.6 Fighting
 + Level 4.2 Axes
 - Level 2.0 Throwing
 - Level 3.0 Dodging


You had 3 spell levels left.
You didn't know any spells.
Your spell library was empty.

Dungeon Overview and Level Annotations

Branches:
Dungeon (3/15)

Altars:
Dithmenos
Makhleb
Vehumet
Xom


Innate Abilities, Weirdness & Mutations

You cannot wear most types of armour.
You are very stealthy in the water. (Stealth+)
You are amphibious.
You can wear up to eight rings at the same time.
You can use your tentacles to constrict eight enemies at once.
Your skin changes colour to match your surroundings (Stealth+).
Your rubbery body absorbs attacks. (AC +1, EV +1)


Message History

The puff of flame hits you!
* * * LOW HITPOINT WARNING * * *
You feel yourself speed up. Something hits you.
* * * LOW HITPOINT WARNING * * *
You slash something!
You hear some strange, mumbled words.
You are confused.
You completely miss something.
You hear some strange, mumbled words.
You are more confused.
You bump into the rock wall.
Something hits you.
* * * LOW HITPOINT WARNING * * *
You miss something.
You bump into the rock wall.
Something hits you but does no damage.
It was a potion of cancellation.
Your magical effects are unravelling.
You feel magically purged.
You feel yourself slow down.
You feel less confused. Something hits you.
You die...

####### #.....# ######
### #.....# #....# ....
#.....# #.##.# .....
###.....###.##.###l.....
............##..@{o.....
.##......#########......
.##...........# #....
.##.....#####.# ###
.#..........#.#
.#.###.####.#.####
.#...#.#.........#
.###.#.#.###.....# .#
#.#.#........>#


You could see an orc and a leopard gecko.

Vanquished Creatures
  A gnoll (D:1)
  3 adders
  2 worms
  5 dart slugs
  A leopard gecko (D:3)
  2 orcs (D:3)
  A giant cockroach (D:2)
  5 hobgoblins
  3 kobolds
  A quokka (D:2)
  6 bats
  2 frilled lizards (D:1)
  5 goblins
  6 rats
43 creatures vanquished.

Notes
Turn   | Place    | Note
-------+----------+-------------------------------------------
     0 | D:1      | Ijustatesigmund the Octopode Gladiator began the quest for
                  | the Orb.
     0 | D:1      | Reached XP level 1. HP: 14/14 MP: 1/1
    78 | D:1      | Reached XP level 2. HP: 11/20 MP: 2/2
   511 | D:1      | Reached XP level 3. HP: 25/25 MP: 3/3
  1042 | D:1      | Found a burning altar of Makhleb.
  1044 | D:1      | Found a sparkling altar of Nemelex Xobeh.
  1044 | D:1      | Found a shimmering altar of Xom.
  1046 | D:1      | Found a radiant altar of Vehumet.
  1046 | D:1      | Found a burning altar of Makhleb.
  1046 | D:1      | Found a shadowy altar of Dithmenos.
  1355 | D:2      | Reached XP level 4. HP: 11/31 MP: 4/4
  1379 | D:2      | Reached skill level 4 in Axes
  2102 | D:3      | HP: 1/32 [something (5)]
  2105 | D:3      | Slain by an orc wizard

Illustrated notes

Levels and vault maps discovered:
D:1:      roderic_crop_circles_arrival_large, layout_basic, doesnt_xom_only_xom
D:2:      layout_basic, first_ration
D:3:      minmay_bubble_buster, layout_basic

Skill      XL: |  1  2  3  4 |
---------------+-------------+-----
Fighting       | 3 |  3.6
Axes           | 4 |  4.2
Throwing       | |  2.0
Dodging        | |  3.0

Action                   |  1- 3 |  4- 6 || total
-------------------------+-------+-------++-------
Melee: War axe           |    51 |    29 ||    80
       Constrict         |    16 |     6 ||    22
       Tentacles         |     8 |     2 ||    10
Throw: Throwing net      |     1 |       ||     1
  Use: Scroll            |     5 |     3 ||     8
       Potion            |     3 |     3 ||     6
 Stab: Sleeping          |     2 |       ||     2
  Eat: Chunk             |     1 |     3 ||     4
Armor: Skin              |     1 |     2 ||     3
Dodge: Dodged            |    33 |    20 ||    53
